AoeStats
← Jazzmushroom

Black Forest

506680060Analyzed
1v1 RM · 17d ago on Sep 14, 2026· 37m 33s· 2 players
Game mode
Random Map
Map size
Tiny (2 player)
Population
200
Speed
Normal
Resources
Standard
Victory
Conquest
Starting age
Dark Age
Ending age
Imperial Age
RankedLock teamsTeams togetherTeam positionsShared explorationLock speedFull tech treeHidden civsTurbo modeCheats
Victory
Defeat
🇮🇹 Italians · Italy
1442
+14
🇺🇸 Italians · United States
1398
-14
Jazzmushroom
1:21 Loom
11:30 Feudal Age
12:32 Double-Bit Axe
14:13 Fletching
15:58 Fishing Lines
17:51 Horse Collar
22:36 Castle Age
20:58 Padded Archer Armor
23:47 Bodkin Arrow
24:32 Wheelbarrow
23:42 Town Watch
23:37 Crossbowman
24:50 Bow Saw
26:25 Gold Mining
27:25 Gillnets
29:06 Thumb Ring
29:30 Stone Mining
32:53 Imperial Age
31:28 Hand Cart
32:15 Leather Archer Armor
32:24 Forging
31:38 Elite Skirmisher
32:57 Bloodlines
32:50 Husbandry
33:20 Heavy Plow
33:56 Light Cavalry
34:46 Scale Barding Armor
35:29 Hussar
My_Name_Is_Mimmox
0:30 Loom
14:00 Feudal Age
14:40 Double-Bit Axe
17:54 Horse Collar
23:25 Castle Age
21:35 Fletching
28:32 Imperial Age
25:58 Gold Mining
27:02 Fortified Wall
28:08 Bow Saw
28:32 Padded Archer Armor
30:13 Chemistry
29:42 Pirotechnia
36:37 Bodkin Arrow
Connection lost

Rejoining the realm…

Still unreachable

The connection could not be restored.

Session expired

The server has moved on; the page needs a fresh start.